 Dungeon Crawl Stone Soup version 0.23.1 (webtiles) character file.

Game seed: 14620784630680589927

13219 Chiseanne the Covert (level 11, -2/56 HPs)
             Began as a Spriggan Assassin on Mar 7, 2019.
             Was an Initiate of Gozag.
             Killed by refrigeration
             ... invoked by Fannar
              (24 damage)
             ... on level 12 of the Dungeon.
             The game lasted 00:41:49 (16865 turns).

Chiseanne the Covert (Spriggan Assassin)           Turns: 16865, Time: 00:41:50

Health: -2/56      AC:  5    Str:  7      XL:     11   Next: 72%
Magic:  16/16      EV: 32    Int: 18      God:    Gozag
Gold:   400        SH: 11    Dex: 20 (21) Spells: 9/10 levels left

rFire    . . .     SeeInvis +   a - +9 war axe of Blood-Lust {chaos, Int+5 Stlth+}
rCold    . . .     Gourm    .   K - +1 buckler
rNeg     + . .     Faith    .   x - +1 robe {Archmagi}
rPois    .         Spirit   .   (helmet restricted)
rElec    .         Reflect  +   d - +1 cloak
rCorr    .         Harm     .   (gloves unavailable)
MR       +....                  (boots unavailable)
Stlth    +++++++...             r - +2 amulet of reflection
HPRegen  0.18/turn              G - ring of positive energy (curse)
MPRegen  0.15/turn              R - +4 ring of evasion

@: very quick
A: very small, unfitting armour, see invisible, herbivore, speed 3, slow
metabolism 2
a: Potion Petition, Call Merchant, Bribe Branch, Renounce Religion


You were on level 12 of the Dungeon.
You worshipped Gozag.
Gozag was aware of your devotion.
You were not hungry.

You visited 2 branches of the dungeon, and saw 13 of its levels.
You also visited: Sewer, Ossuary and Gauntlet.

You collected 3922 gold pieces.
You spent 1728 gold pieces at shops.
You paid 1794 gold pieces to Gozag.

Inventory:

Hand Weapons
 a - the +9 war axe of Blood-Lust (weapon) {chaos, Int+5 Stlth+}
   (You bought it in a shop on level 6 of the Dungeon)

   Each time it hits an enemy it has a different, random effect.
   It affects your intelligence (+5).
   It makes you more stealthy.
 s - a +6 flail of protection
 w - a +0 blowgun
 O - a cursed +4 morningstar of freezing
Missiles
 e - 77 poisoned needles
 f - 7 curare-tipped needles
 m - 122 sling bullets
 o - 402 stones
 p - 276 arrows
 y - 3 tomahawks (quivered)
 D - 30 bolts
Armour
 d - a +1 cloak (worn)
 x - a +1 robe of the Archmagi (worn)
 K - a +1 buckler (worn)
Jewellery
 i - an uncursed ring of resist corrosion
 r - a +2 amulet of reflection (around neck)
 G - a cursed ring of positive energy (left hand)
 J - an uncursed ring of protection from cold
 R - a +4 ring of evasion (right hand)
Wands
 L - a wand of flame (15)
Scrolls
 c - 2 scrolls of immolation
 g - 2 scrolls of fear
 h - 7 scrolls of teleportation
 E - 4 scrolls of remove curse
 H - 3 scrolls of magic mapping
 I - 5 scrolls of amnesia
 M - 2 scrolls of fog
 Q - 2 scrolls of blinking
Potions
 b - 5 potions of resistance
 k - a potion of magic
 l - 8 potions of heal wounds
 n - 2 potions of lignification
 q - 14 potions of curing
 u - 5 potions of haste
 v - 2 potions of cancellation
 z - a potion of brilliance
 A - 5 potions of agility
 B - 5 potions of flight
 C - 3 potions of might
 F - 2 potions of berserk rage
 N - 2 potions of invisibility
Miscellaneous
 P - a phantom mirror
Comestibles
 t - 13 rations


   Skills:
 - Level 6.0 Fighting
   Level 6.8 Short Blades
 * Level 3.1(4.6) Axes
 - Level 4.7(5.1) Maces & Flails
 - Level 2.0 Throwing
 * Level 11.2 Dodging
 - Level 13.8 Stealth
 * Level 5.9 Shields
 - Level 6.4 Evocations


You had 9 spell levels left.
You knew the following spells:

 Your Spells              Type           Power        Failure   Level  Hunger
a - Apportation           Tloc           #.....       24%         1    ##.....

Your spell library contained the following spells:

 Spells                   Type           Power        Failure   Level  Hunger
 Animate Skeleton         Necr           N/A          24%         1    ##.....
 Confusing Touch          Hex            #.....       24%         1    ##.....
 Summon Small Mammal      Summ           #...         24%         1    ##.....


Dungeon Overview and Level Annotations

Branches:
Dungeon (12/15)            Temple (1/1) D:6            Lair (0/6) D:8
    Orc (0/2) D:11

Altars:
Ashenzari
Cheibriados
Dithmenos
Elyvilon
Fedhas
Gozag
Hepliaklqana
Kikubaaqudgha
Makhleb
Nemelex Xobeh
Okawaru
Qazlal
Ru
Sif Muna
Trog
Uskayaw
Vehumet
Wu Jian
Xom
Yredelemnul
Zin
The Shining One
Lugonu

Shops:
D:6 (   D:11 ![

Annotations:
D:3 2 runed translucent doors, Jager373's ghost, weakling DrBe
D:9 3 runed translucent doors, paperworker's ghost, journeyman VSFi
D:10 3 runed translucent doors, P0WERM0DE's ghost, journeyman DDFi
D:12 Fannar


Innate Abilities, Weirdness & Mutations

You are very small and have problems with some larger weapons.
You are too small for most types of armour.
You have supernaturally acute eyesight. (SInv)
You are a herbivore.
You cover ground extremely quickly.
You need to consume almost no food.


Message History

Aiming: Phantom Mirror
Press: ? - help, Dir - move target cursor, f - Fannar
Aim: Fannar, wielding a staff of cold and wearing a +2 robe of cold resistance (lightly wounded, fast, covered in an icy film) Nothing appears to happen.
You block the ice beast's attack.
Evoke which item? (* to show all) (? for menu, Esc to quit)
That's the wrong kind of item! (Use * to select it.) Evoke which item? (* to show all) (? for menu, Esc to quit)
Aiming: Phantom Mirror
Press: ? - help, Dir - move target cursor, f/p - Fannar
Aim: Fannar, wielding a staff of cold and wearing a +2 robe of cold resistance (lightly wounded, fast, covered in an icy film) Nothing appears to happen.
Fannar casts a spell.
Fannar drains the heat from the surrounding environment!
You feel very cold.
Fannar is frozen.
Fannar resists.
You block the ice beast's attack.
Fannar casts a spell.
Fannar drains the heat from the surrounding environment!
You feel very cold.
You die...
Your body crumbles into a pile of gold.

.#.≈≈≈.## ......Z..
......≈## ......≈#
#≈.^.≈# ≈≈≈≈≈ #
###.#######.# #####.#
#....@YeY...#
......#.#.
#.#.#########
#......>..##.#.....
#.#####.###........#
#.#.. ..#..........#
#.#.# #.#.#........'.
#.#.###.#.#........##
#..<....#.#........#
#######.#.#........#


You could see Fannar and 2 ice beasts.

Vanquished Creatures
  3 two-headed ogres (D:10)
  Nergalle (D:12)
  An unseen horror (D:12)
  2 ugly things
  Joseph (D:7)
  A yaktaur (D:12)
  3 hippogriffs
  A wyvern (D:12)
  A vampire (D:10)
  4 yaks (D:9)
  Eustachio (D:6)
  2 hungry ghosts (D:11)
  Edmund (D:6)
  3 wargs (D:8)
  A water moccasin (D:5)
  A swamp drake (D:11)
  6 orc warriors
  An eye of draining (D:8)
  2 sky beasts
  4 black bears
  3 phantoms
  4 boggarts (D:12)
  3 ogres
  6 centaurs
  A crocodile (D:8)
  4 big kobolds
  2 gnoll sergeants
  6 bullfrogs
  8 scorpions
  2 wyvern skeletons
  4 killer bees (D:9)
  5 wights (D:8)
  2 howler monkeys (D:6)
  4 crimson imps
  A quasit (D:6)
  3 centaur skeletons
  2 bullfrog zombies
  5 hounds
  A jelly (D:12)
  5 bullfrog skeletons
  7 orc priests
  11 orc wizards
  5 iguanas
  8 worker ants
  4 big kobold zombies (Ossuary)
  2 mummies (Ossuary)
  A worker ant zombie (D:5)
  A howler monkey zombie (D:9)
  18 adders
  6 gnolls
  5 river rats (Sewer)
  A shadow imp (D:10)
  3 oozes
  6 adder zombies
  5 worms
  3 dart slugs
  4 leopard geckos
  55 orcs
  9 ball pythons
  8 giant cockroaches
  11 goblins
  17 hobgoblins
  21 jackals
  4 quokkas
  10 bats
  7 frilled lizards
  A giant cockroach zombie (D:5)
  3 gnoll zombies (Ossuary)
  6 hobgoblin zombies (Ossuary)
  A jackal skeleton (D:5)
  41 kobolds
  6 kobold zombies (Ossuary)
  5 orc zombies (Ossuary)
  A quokka skeleton (D:4)
  32 rats
439 creatures vanquished.

Notes
Turn   | Place    | Note
-------+----------+-------------------------------------------
     0 | D:1      | Chiseanne the Spriggan Assassin began the quest for the
                  | Orb.
     0 | D:1      | Reached XP level 1. HP: 10/10 MP: 2/2
   133 | D:1      | Reached skill level 6 in Stealth
   479 | D:1      | Reached XP level 2. HP: 14/14 MP: 3/3
  1122 | D:1      | Reached XP level 3. HP: 6/18 MP: 4/4
  1817 | D:2      | Reached skill level 7 in Stealth
  2070 | D:2      | Found an iron altar of Okawaru.
  2073 | D:2      | Reached XP level 4. HP: 22/22 MP: 5/5
  2628 | D:2      | Reached skill level 8 in Stealth
  2634 | D:2      | Reached XP level 5. HP: 19/25 MP: 6/6
  3091 | D:2      | Found an ornate altar of the Wu Jian Council.
  3194 | D:3      | Found a large runed translucent door.
  3195 | D:3      | Found a large runed translucent door.
  3197 | D:3      | Noticed Jager373's ghost (weakling DrBe)
  4143 | D:4      | Reached XP level 6. HP: 30/30 MP: 7/7
  4241 | D:4      | Reached skill level 9 in Stealth
  4294 | D:4      | Reached skill level 5 in Dodging
  4504 | D:4      | Reached skill level 10 in Stealth
  4835 | D:4      | Found a shimmering altar of Xom.
  4857 | D:4      | Reached XP level 7. HP: 33/33 MP: 8/8
  5175 | D:5      | Entered Level 5 of the Dungeon
  5558 | D:5      | Found a glowing drain.
  5586 | Sewer    | Entered a sewer
  5672 | Sewer    | Reached skill level 5 in Short Blades
  5907 | Sewer    | Reached skill level 11 in Stealth
  6939 | D:6      | Noticed Eustachio
  6958 | D:5      | Reached XP level 8. HP: 23/37 MP: 9/9
  7249 | D:6      | Noticed Edmund
  7250 | D:6      | Killed Edmund
  7268 | D:6      | Reached skill level 12 in Stealth
  7628 | D:6      | Killed Eustachio
  7800 | D:6      | Reached skill level 13 in Stealth
  8077 | D:6      | Found a staircase to the Ecumenical Temple.
  8090 | Temple   | Entered the Ecumenical Temple
  8358 | D:6      | Reached XP level 9. HP: 41/41 MP: 10/10
  8373 | D:6      | Found Zocraos's Weapon Shop.
  8751 | D:7      | Found a deep blue altar of Sif Muna.
  8800 | D:7      | Found a sand-covered staircase.
  8805 | Ossuary  | Entered an ossuary
  8911 | Ossuary  | Reached skill level 1 in Shields
  9623 | D:7      | Reached skill level 1 in Maces & Flails
  9861 | D:7      | Noticed Joseph
  9864 | D:7      | Killed Joseph
  9989 | D:7      | Found an ancient bone altar of Kikubaaqudgha.
  9992 | D:7      | Found an opulent altar of Gozag.
 10145 | D:8      | Found a hazy altar of Hepliaklqana.
 10351 | D:7      | Became a worshipper of Gozag Ym Sagoz the Greedy
 10361 | D:8      | Found a sparkling altar of Nemelex Xobeh.
 10367 | D:8      | Found a radiant altar of Vehumet.
 10367 | D:8      | Found a hide-covered altar of Uskayaw.
 10396 | D:8      | Found a sacrificial altar of Ru.
 10595 | D:8      | Found a staircase to the Lair.
 10861 | D:8      | Found a white marble altar of Elyvilon.
 10877 | D:8      | Reached XP level 10. HP: 49/49 MP: 11/11
 10881 | D:8      | Reached skill level 1 in Evocations
 12084 | D:9      | Found a runed translucent gate.
 12084 | D:9      | Found a runed translucent gate.
 12084 | D:9      | Found a runed translucent gate.
 12166 | D:9      | Noticed a red ugly thing
 12168 | D:9      | Found a shattered altar of Ashenzari.
 12246 | D:9      | Killed a red ugly thing
 12644 | D:9      | Reached skill level 5 in Fighting
 12829 | D:9      | Reached skill level 5 in Evocations
 12914 | D:9      | Noticed paperworker's ghost (journeyman VSFi)
 13272 | D:9      | Found a bloodstained altar of Trog.
 13698 | D:10     | Entered Level 10 of the Dungeon
 13776 | D:10     | Noticed a two-headed ogre
 13784 | D:10     | Killed a two-headed ogre
 13784 | D:10     | Reached XP level 11. HP: 56/56 MP: 16/16
 13851 | D:10     | Learned a level 1 spell: Apportation
 13880 | D:10     | Noticed a two-headed ogre
 13897 | D:10     | Killed a two-headed ogre
 14153 | D:10     | Noticed a two-headed ogre
 14160 | D:10     | Killed a two-headed ogre
 14160 | D:10     | Reached skill level 5 in Shields
 14161 | D:10     | Found a runed translucent gate.
 14161 | D:10     | Found a runed translucent gate.
 14161 | D:10     | Found a runed translucent gate.
 14161 | D:10     | Noticed P0WERM0DE's ghost (journeyman DDFi)
 14446 | D:6      | Bought the +9 war axe of Blood-Lust {chaos, Int+5 Stlth+}
                  | for 1074 gold pieces
 14683 | D:11     | Reached skill level 10 in Dodging
 14755 | D:11     | Found a gate leading to a gauntlet.
 14759 | Gauntlet | Entered a Gauntlet
 14759 | Gauntlet | Found a transporter.
 14767 | Gauntlet | Found a transporter.
 14769 | Gauntlet | Found a transporter.
 14771 | Gauntlet | Found a transporter.
 15048 | D:11     | Reached skill level 1 in Axes
 15049 | D:11     | Found a staircase to the Orcish Mines.
 15619 | D:11     | Noticed a cyan ugly thing
 15635 | D:11     | Killed a cyan ugly thing
 15852 | D:11     | Identified a scroll of acquirement
 15876 | D:11     | Bought a crude robe for 142 gold pieces
 15876 | D:11     | Bought a crude robe for 142 gold pieces
 15878 | D:11     | Identified the +1 robe "Rofimituec" {Int+2} (You bought it
                  | in a shop on level 11 of the Dungeon)
 15891 | D:11     | Identified the +0 robe of Hadjma {Int+3} (You bought it in
                  | a shop on level 11 of the Dungeon)
 15914 | D:11     | Bought a potion of haste for 100 gold pieces
 15914 | D:11     | Bought a potion of might for 40 gold pieces
 15914 | D:11     | Bought a potion of agility for 40 gold pieces
 15914 | D:11     | Bought a potion of curing for 30 gold pieces
 15914 | D:11     | Bought 2 potions of curing for 60 gold pieces
 15914 | D:11     | Bought a potion of resistance for 100 gold pieces
 15943 | D:12     | Noticed Nergalle
 15947 | D:12     | Noticed an unseen horror
 16280 | D:12     | Killed an unseen horror
 16289 | D:12     | Killed Nergalle
 16832 | D:12     | Noticed a brown ugly thing
 16857 | D:12     | Noticed Fannar
 16865 | D:12     | Killed from afar by Fannar

Skill      XL: |  1  2  3  4  5  6  7  8  9 10 11 |
---------------+----------------------------------+-----
Stealth        | 6 7 8 10 11 13 | 13.8
Dodging        | 2 3 4 5 6 8 9 11 | 11.2
Short Blades   | 3 4 5 6 |  6.8
Fighting       | 4 5 6 |  6.0
Shields        | 3 4 5 |  5.9
Maces & Flails | 2 4 |  4.7
Evocations     | 6 |  6.4
Axes           | 3 |  3.1
Throwing       | |  2.0

Action                   |  1- 3 |  4- 6 |  7- 9 | 10-12 || total
-------------------------+-------+-------+-------+-------++-------
Melee: Dagger            |   120 |   258 |       |       ||   378
       Short sword       |       |    13 |   588 |   161 ||   762
       Flail             |       |       |    33 |   201 ||   234
       War axe           |       |       |       |   154 ||   154
 Fire: Blowgun           |     6 |    13 |    39 |    75 ||   133
Throw: Stone             |       |     1 |       |       ||     1
       Tomahawk          |       |       |       |     2 ||     2
Invok: Call Merchant     |       |       |       |     2 ||     2
Evoke: Wand              |       |       |     5 |     8 ||    13
       Phantom mirror    |       |       |       |     2 ||     2
  Use: Scroll            |     5 |     6 |    13 |    15 ||    39
 Stab: Sleeping          |    11 |    23 |    38 |    15 ||    87
       Distracted        |     1 |     1 |     2 |     8 ||    12
       Paralysed         |       |       |       |     4 ||     4
       Confused          |       |       |       |     1 ||     1
       Petrifying        |       |       |       |     1 ||     1
  Eat: Ration            |       |     3 |     4 |     3 ||    10
Armor: Robe              |    14 |    16 |    24 |    33 ||    87
Dodge: Dodged            |    99 |   199 |   500 |   407 ||  1205
Block: Other             |       |    10 |    10 |       ||    20
       Buckler           |       |       |   132 |   275 ||   407
       Reflection        |       |       |     2 |     6 ||     8
